 Dungeon Crawl Stone Soup version 0.21.1-1-g345015f (webtiles) character file.

62 lotte the Chopper (level 3, 18/34 HPs)
             Began as a Deep Dwarf Berserker on June 24, 2018.
             Was a Believer of Trog.
             Quit the game on level 2 of the Dungeon.
             The game lasted 00:08:06 (1313 turns).

lotte the Chopper (Deep Dwarf Berserker)            Turns: 1313, Time: 00:08:07

Health: 18/34      AC:  6    Str: 21    XL:     3   Next: 85%
Magic:  3/3        EV: 10    Int:  7    God:    Trog [**....]
Gold:   64         SH:  0    Dex: 12    Spells: 2/2 levels left

rFire    . . .     SeeInvis .   a - +0 hand axe
rCold    . . .     Gourm    .   (no shield)
rNeg     . . .     Faith    .   o - +0 scale mail
rPois    +         Spirit   .   (no helmet)
rElec    .         Reflect  .   (no cloak)
rCorr    .         Harm     .   (no gloves)
MR       .....                  (no boots)
Stlth    ..........             p - amulet of inaccuracy (curse)
HPRegen  0.00/turn              f - ring of poison resistance
MPRegen  0.08/turn              (no ring)

@: non-regenerating
A: damage resistance, heal wounds, sense surroundings 1, no regeneration
a: Heal Wounds, Berserk, Trog's Hand, Burn Spellbooks, Renounce Religion


You were on level 2 of the Dungeon.
You worshipped Trog.
Trog was pleased with you.
You were hungry.

You visited 1 branch of the dungeon, and saw 2 of its levels.

You collected 64 gold pieces.

Inventory:

Hand Weapons
 a - a +0 hand axe (weapon)
Armour
 b - a +0 animal skin
 k - a +0 ring mail
 o - a +0 scale mail (worn)
Jewellery
 f - a ring of poison resistance (left hand)
 p - a cursed amulet of inaccuracy (around neck)
Scrolls
 d - a scroll of fog {unknown}
 e - 2 scrolls of identify {unknown}
 h - a scroll of amnesia {unknown}
 i - a scroll of fear {unknown}
 j - a scroll of enchant armour {unknown}
 l - a scroll of blinking {unknown}
 n - a scroll of teleportation {unknown}
Potions
 g - 2 potions of lignification {unknown}
 m - 2 potions of degeneration {unknown}
Comestibles
 c - 2 rations


   Skills:
 + Level 3.4 Fighting
 + Level 4.2 Axes
 + Level 2.7 Armour
 - Level 2.1 Dodging
 + Level 0.5 Stealth


You had 2 spell levels left.
You didn't know any spells.

Dungeon Overview and Level Annotations

Branches:
Dungeon (2/15)

Altars:

Annotations:
D:2 Terence


Innate Abilities, Weirdness & Mutations

You are resistant to damage.
You can heal yourself by infusing magical energy.
You passively map a small area around you.
You do not regenerate.


Message History

You kill the frilled lizard!
Trog accepts your kill.
m - 2 cyan potions (gained 1)
p - a dented sapphire amulet Put on which piece of jewellery? (? for menu, Esc to quit)
Oops, that amulet feels deathly cold.
p - a cursed amulet of inaccuracy (around neck) Unknown command.
Unknown command.
Unknown command.
There are no items here.
Unknown command.
Unknown command.
Unknown command.
Unknown command.
Unknown command.
Unknown command.
Unknown command.
Unknown command.
Are you sure you want to abandon this character and quit the game? (Confirm with "yes".)

#.............## #####*
#####
#....(................#
#....
#.....................#####
#.###
########.#####............#
#.# # #.# #............#
#.# #
#.#####............###.###
#>†.......................
#.#####...................
#.# #..@................
#.# #...................
#.# #............###+###
#.#############....+
#.......# #....#, , ,
#######.# ###.## ,
#.....#.## #.#* ,,
#.#......# #.. ,
#.#......#* ,, .... ,* ,


There were no monsters in sight!

Vanquished Creatures
  Jessica (D:2)
  6 bats
  3 giant cockroaches
  5 goblins
  4 hobgoblins
  5 kobolds
  A ball python (D:1)
  5 frilled lizards
  5 rats (D:1)
  A plant (D:2)
36 creatures vanquished.

Notes
Turn   | Place    | Note
-------+----------+-------------------------------------------
     0 | D:1      | lotte the Deep Dwarf Berserker began the quest for the Orb.
     0 | D:1      | Reached XP level 1. HP: 20/20 MP: 1/1
   139 | D:1      | Reached XP level 2. HP: 23/28 MP: 2/2
   353 | D:1      | Reached ** piety under Trog
   748 | D:2      | Noticed Terence
  1039 | D:2      | Reached XP level 3. HP: 22/34 MP: 3/3
  1108 | D:2      | Noticed Jessica
  1114 | D:2      | Killed Jessica
  1114 | D:2      | Reached skill level 4 in Axes
  1313 | D:2      | Quit the game

Skill      XL: |  1  2  3 |
---------------+----------+-----
Fighting       | 3 |  3.4
Axes           | 4 |  4.2
Armour         | |  2.7
Dodging        | |  2.1
Stealth        | |  0.5

Action                   || total
-------------------------++-------
Melee: Hand axe          ||   115
Invok: Trog's Hand       ||     1
  Eat: Chunk             ||     1
Armor: Animal skin       ||    31
       Ring mail         ||    17
Dodge: Dodged            ||    82
